 Seeded DCSS version 0.30-a0-377-g5cb311bc9f (webtiles) character file.

Game seed: 7337 (custom seed)

15054 McGhostyFace the Thaumaturge (level 12, -1/92 HPs)
             Began as a Gnoll Wanderer on Nov 28, 2022.
             Was a Believer of Ashenzari.
             Slain by a harpy simulacrum (8 damage)
             ... in an ice cave.
             The game lasted 00:43:33 (14215 turns).

McGhostyFace the Thaumaturge (Gnoll Wanderer)      Turns: 14215, Time: 00:43:35

Health: -1/92      AC: 13    Str:  9    XL:     12   Next: 23%
Magic:  21/25      EV: 15    Int: 21    God:    Ashenzari [**....]
Gold:   766        SH:  6    Dex: 16    Spells: 17/29 levels left

rFire   . . .      SeeInvis +    k - +9 long sword of the Tethered God {flame, Fragile rF- rN+++ SInv, Bglg, Elem} (curse)
rCold   . . .      Faith    .    j - +0 buckler
rNeg    + + +      Spirit   .    z - +0 acid dragon scales
rPois   +          Reflect  .    (no helmet)
rElec   .          Harm     .    (no cloak)
rCorr   +          Rampage  .    o - +0 pair of gloves
Will    .....                    q - +2 pair of boots of the Restrained Regret {Elem, Comp} (curse)
Stlth   ++++......               (no amulet)
HPRegen 0.35/turn                l - ring "Astral Dismay" {rF+ rN+ rCorr Int+6, Cun, Fort} (curse)
MPRegen 0.19/turn                D - ring of flight

@: flying
A: fangs 1, strong nose, distributed training, deterioration 1, poison
resistance, noise suppression
a: Renounce Religion, Curse Item, Shatter the Chains


You were in an ice cave.
You worshipped Ashenzari.
Ashenzari was pleased with you.
You visited 2 branches of the dungeon, and saw 12 of its levels.
You also visited: Ice Cave.

You collected 766 gold pieces.

Inventory:

Hand Weapons
 k - the cursed +9 long sword of the Tethered God (weapon) {flame, Fragile rF- rN+++ SInv, Bglg, Elem}
   (You took it off an orc warrior on level 9 of the Dungeon)

   It burns those it strikes, dealing additional fire damage.
   Big, fiery blades are also staple armaments of hydra-hunters.
   rF:        It makes you vulnerable to fire.
   rN:        It renders you almost immune to negative energy.
   SInv:      It lets you see invisible.
   Fragile:   It will be destroyed if unequipped.
   It has a curse which improves the following skills: Beguiling: Conjurations,
   Hexes and Translocations.
   Elements:  Fire Magic, Ice Magic, Air Magic and Earth Magic.
 C - a +7 short sword of venom
 F - a +0 shortbow
Missiles
 s - 2 throwing nets
 u - 6 curare-tipped darts
 w - 9 boomerangs
 H - 15 poisoned darts (quivered)
 I - 4 datura-tipped darts
Armour
 j - a +0 buckler (worn)
 o - a +0 pair of gloves (worn)
 q - the cursed +2 pair of boots of the Restrained Regret (worn) {Elem, Comp}
   (You found it on level 3 of the Dungeon)

   It has a curse which improves the following skills: Elements: Fire Magic, Ice
   Magic, Air Magic and Earth Magic.
   Companions: Summonings and Necromancy.
 z - +0 acid dragon scales (worn)
Jewellery
 l - the cursed ring "Astral Dismay" (left hand) {rF+ rN+ rCorr Int+6, Cun, Fort}
   (You found it on level 2 of the Dungeon)

   [ring of intelligence]

   Int:       It affects your intelligence (+6).
   rF:        It protects you from fire.
   rN:        It protects you from negative energy.
   rCorr:     It protects you from acid and corrosion.
   It has a curse which improves the following skills: Cunning: Dodging and
   Stealth.
   Fortitude: Armour and Shields.
 x - a ring of see invisible
 D - a ring of flight (right hand)
Wands
 b - a wand of iceblast (9)
 y - a wand of paralysis (19)
 E - a wand of mindburst (4)
Scrolls
 a - a scroll of blinking
 c - a scroll of fear
 e - a scroll of magic mapping
 f - 7 scrolls of identify
 A - a scroll of torment
 G - a scroll of amnesia
 J - a scroll of teleportation
Potions
 d - 3 potions of brilliance
 g - 2 potions of cancellation
 h - a potion of curing
 i - 4 potions of attraction
 m - 4 potions of lignification
 p - a potion of berserk rage
 t - 2 potions of resistance
 v - 2 potions of might


   Skills:
 + Level 7.8 Fighting
 + Level 8.7 Short Blades
 + Level 7.3 Long Blades
 + Level 7.3 Axes
 + Level 7.3 Maces & Flails
 + Level 7.3 Polearms
 + Level 7.3 Staves
 + Level 7.3 Ranged Weapons
 + Level 7.3 Throwing
 + Level 7.3(8.6) Armour
 + Level 7.8(9.1) Dodging
 + Level 8.5(9.8) Stealth
 + Level 7.3(8.6) Shields
 + Level 7.3 Unarmed Combat
 + Level 9.0 Spellcasting
 + Level 6.1(7.3) Conjurations
 + Level 6.1(7.3) Hexes
 + Level 7.3(8.5) Summonings
 + Level 6.1(7.3) Necromancy
 + Level 6.1(7.3) Translocations
 + Level 6.1 Transmutations
 + Level 6.1(8.0) Fire Magic
 + Level 6.1(8.0) Ice Magic
 + Level 6.1(8.0) Air Magic
 + Level 6.1(8.0) Earth Magic
 + Level 6.1 Poison Magic
 + Level 8.0 Invocations
 + Level 7.3 Evocations


You had 17 spell levels left.
You knew the following spells:

 Your Spells              Type           Power      Damage    Failure   Level
a - Summon Small Mammal   Summ           100%       N/A       1%          1
b - Summon Guardian Gole  Hex/Summ       43%        N/A       1%          3
c - Frozen Ramparts       Ice            86%        1d13      1%          3
d - Fireball              Conj/Fire      20%        3d10      16%         5

Your spell library contained the following spells:

 Spells                   Type           Power      Damage    Failure   Level
 Foxfire                  Conj/Fire      100%       2x1d9     1%          1
 Freeze                   Ice            100%       1d10      1%          1
 Passwall                 Tmut/Erth      32%        N/A       1%          2
 Hailstorm                Conj/Ice       41%        3d10      1%          3
 Stone Arrow              Conj/Erth      82%        3d12      1%          3
 Lee's Rapid Deconstruct  Erth           21%        3d12*     14%         5
 Borgnjor's Vile Clutch   Necr/Erth      20%        N/A       16%         5
 Iskenderun's Battlesphe  Conj           40%        2d9       19%         5
 Conjure Ball Lightning   Conj/Air       20%        3x3d7     65%         6
 Iron Shot                Conj/Erth      20%        9d5       65%         6
 Starburst                Conj/Fire      20%        6d7       65%         6
 Statue Form              Tmut/Erth      26%        N/A       75%         6
 Orb of Destruction       Conj           20%        9d8       99%         7


Dungeon Overview and Level Annotations

Branches:
Dungeon (11/15)            Temple (1/1) D:6            Lair (0/5) D:9
  IceCv (1/1)
    Orc: D:9-12

Altars:
Ashenzari
Cheibriados
Elyvilon
Fedhas
Kikubaaqudgha
Nemelex Xobeh
Okawaru
Sif Muna
Vehumet
Yredelemnul
Zin

Annotations:
D:3 1 runed translucent door, Applejack244's ghost, amateur DsGl
D:7 2 transporters, Aneyh's ghost, novice TeMo
D:11 2 transporters, GiantSquids's ghost, journeyman MfBe


Innate Abilities, Weirdness & Mutations

You have very sharp teeth.
Your uncanny sense of smell can sniff out nearby items.
Your experience applies equally to all skills.
Your body sometimes deteriorates upon taking damage.
Your system is resistant to poisons. (rPois)
You passively dampen the noise of your surroundings.


Message History

Flame seeps out of your guardian golem.
You reach down and open the door.
The ice devil hits your guardian golem! Flame seeps out of your guardian golem.
The ice devil freezes your guardian golem!
Your guardian golem resists.
Your guardian golem disappears in a puff of smoke!
Your guardian golem explodes!
The fiery explosion engulfs the ice devil!!!
The ice devil is burned terribly!
The ice devil dies!
The fiery explosion engulfs you!
* * * LOW HITPOINT WARNING * * *
There is an open door here.
You start resting.
Magic restored.
There is a frozen archway here.
The world spins around you as you enter the gateway.
You enter an ice cave!
Found a +0 war axe.
Found an ice covered gate leading back out of this place.
There is an ice choked empty arch of ancient stone here.
There is an ice covered gate leading back out of this place here.
The white ugly thing gurgles horribly!
Casting: Summon Guardian Golem (safe; 1% risk of failure)
Confirm with . or Enter, or press ? or * to list all spells.
You don't know that spell.
A cane toad simulacrum and a death yak simulacrum come into view.
Casting: Summon Guardian Golem (safe; 1% risk of failure)
Confirm with . or Enter, or press ? or * to list all spells.
A guardian golem appears, shielding your allies.
The elephant simulacrum tramples you!
* * * LOW HITPOINT WARNING * * *
You are shoved backwards!
Casting: Summon Guardian Golem (safe; 1% risk of failure)
Confirm with . or Enter, or press ? or * to list all spells.
The harpy simulacrum claws you but does no damage.
The harpy simulacrum claws you.
* * * LOW HITPOINT WARNING * * *
The harpy simulacrum freezes you!
You die...

#######
##..r.@##
#...∩ZZ.#
*#.........#
#......u.9..#
#...........#
*#...........#*
#.....Z.Z.....#
#....8...8....#
#......)......#


You could see a white ugly thing, a death yak simulacrum, an elephant simulacrum
(ally target), a cane toad simulacrum, a harpy simulacrum (ally target), a
friendly guardian golem (summoned) and a friendly quokka (summoned).

Vanquished Creatures
  A hydra (D:10)
  Erica (D:10)
  2 two-headed ogres
  Sonja (D:10)
  Maggie (D:7)
  A gargoyle (D:9)
  An ice devil (D:11)
  A kobold demonologist (D:9)
  4 trolls
  3 shadows
  2 wraiths
  5 wyverns
  8 yaks
  2 steam dragons (D:9)
  3 wargs (D:9)
  A water moccasin (D:6)
  4 orc warriors
  3 black bears
  2 ogres (D:6)
  3 centaurs
  A kobold brigand (D:9)
  3 bullfrogs
  A gnoll sergeant (D:10)
  A scorpion (D:4)
  4 wights
  Dowan (D:5)
  7 killer bees
  2 howler monkeys
  A gnoll bouda (D:9)
  8 orc priests
  3 hounds
  3 iguanas
  12 orc wizards
  2 centaur simulacra (D:9)
  Robin (D:4)
  4 gnolls
  4 adders
  4 ufetubi
  A dart slug (D:1)
  36 orcs
  5 ball pythons
  5 bats
  6 endoplasms
  7 giant cockroaches
  10 goblins
  10 hobgoblins
  2 quokkas
  4 frilled lizards
  7 kobolds
  3 rats
207 creatures vanquished.

Vanquished Creatures (collateral kills)
  An ice beast (D:6)
  A bullfrog (D:7)
  A jelly (D:5)
  An orc priest (D:3)
  An iguana (D:6)
  6 gnolls
  A white imp (D:5)
  A dart slug (D:2)
  11 orcs
  An endoplasm (D:4)
  3 goblins (D:4)
  A hobgoblin (D:1)
  4 kobolds (D:9)
  A ball python (D:4)
34 creatures vanquished.

Vanquished Creatures (others)
  A hydra (D:9)
  A two-headed ogre (D:10)
  An ice devil (D:11)
  2 hornets
  2 shadows (D:9)
  A wraith (D:10)
  2 yaks (D:10)
  Duvessa (D:5)
  A water moccasin (D:5)
  An orc warrior (D:9)
  2 centaurs
  2 kobold brigands
  A bullfrog (D:9)
  A gnoll sergeant (D:9)
  6 wights
  A killer bee (D:9)
  An orc wizard (D:5)
  3 gnolls (D:4)
  2 orcs
  2 kobolds (D:6)
  A bush (D:6)
  14 plants
49 creatures vanquished.

Grand Total: 290 creatures vanquished

Notes
Turn   | Place    | Note
-------+----------+-------------------------------------------
     0 | D:1      | McGhostyFace the Gnoll Wanderer began the quest for the
                  | Orb.
     0 | D:1      | McGhostyFace set off with the following items: a +2 short
                  | sword, a +0 pair of boots, a scroll of fear, a +0 robe; and
                  | the following spell memorised: Summon Small Mammal; and the
                  | following spells available to memorise: Summon Guardian
                  | Golem.
     0 | D:1      | Reached XP level 1. HP: 17/17 MP: 6/6
   107 | D:1      | Reached XP level 2. HP: 20/23 MP: 7/7
   373 | D:1      | You fall into a shaft and drop 1 floor!
   480 | D:2      | Identified the ring of Fituon {rF+ rN+ rCorr Int+6}
   604 | D:1      | Reached skill level 5 in Spellcasting
   604 | D:1      | Reached XP level 3. HP: 10/28 MP: 5/9
   873 | D:1      | Reached skill level 1 in Invocations
  1109 | D:1      | Learned a level 3 spell: Summon Guardian Golem
  1145 | D:2      | Reached skill level 1 in Long Blades
  1145 | D:2      | Reached skill level 1 in Axes
  1145 | D:2      | Reached skill level 1 in Maces & Flails
  1145 | D:2      | Reached skill level 1 in Polearms
  1145 | D:2      | Reached skill level 1 in Staves
  1145 | D:2      | Reached skill level 1 in Ranged Weapons
  1145 | D:2      | Reached skill level 1 in Throwing
  1145 | D:2      | Reached skill level 1 in Armour
  1145 | D:2      | Reached skill level 1 in Shields
  1145 | D:2      | Reached skill level 1 in Unarmed Combat
  1145 | D:2      | Reached skill level 1 in Evocations
  1501 | D:2      | Found a faded altar of an unknown god.
  1538 | D:2      | Reached XP level 4. HP: 34/34 MP: 7/11
  2083 | D:3      | Gained mutation: You are vulnerable to heat. (rF-) [potion
                  | of mutation]
  2083 | D:3      | Gained mutation: Your muscles are strong. (Str +4, Int/Dex
                  | -1) [potion of mutation]
  2087 | D:3      | HP: 1/51 [orc priest/divine providence (7)]
  2090 | D:3      | Reached skill level 1 in Conjurations
  2090 | D:3      | Reached skill level 1 in Hexes
  2090 | D:3      | Reached skill level 1 in Necromancy
  2090 | D:3      | Reached skill level 1 in Translocations
  2090 | D:3      | Reached skill level 1 in Transmutations
  2090 | D:3      | Reached skill level 1 in Fire Magic
  2090 | D:3      | Reached skill level 1 in Ice Magic
  2090 | D:3      | Reached skill level 1 in Air Magic
  2090 | D:3      | Reached skill level 1 in Earth Magic
  2090 | D:3      | Reached skill level 1 in Poison Magic
  2364 | D:3      | Reached XP level 5. HP: 37/41 MP: 10/12
  2721 | D:3      | Reached XP level 6. HP: 47/47 MP: 11/13
  2815 | D:3      | Found a runed translucent door.
  2816 | D:3      | Noticed Applejack244's ghost (amateur DsGl)
  3081 | D:4      | Reached skill level 5 in Short Blades
  3429 | D:4      | Noticed Robin
  3438 | D:4      | Killed Robin
  3629 | D:4      | Reached XP level 7. HP: 42/52 MP: 15/15
  4337 | D:5      | Entered Level 5 of the Dungeon
  4566 | D:5      | Reached skill level 5 in Stealth
  5152 | D:5      | Noticed Duvessa
  5169 | D:5      | Killed Duvessa
  5170 | D:5      | Reached XP level 8. HP: 60/60 MP: 11/16
  5269 | D:5      | Noticed Dowan
  5283 | D:5      | Killed Dowan
  5747 | D:5      | Reached skill level 6 in Spellcasting
  5990 | D:6      | Found a radiant altar of Vehumet.
  6099 | D:6      | Reached skill level 5 in Summonings
  6308 | D:6      | Reached XP level 9. HP: 20/67 MP: 18/18
  6609 | D:6      | Found a staircase to the Ecumenical Temple.
  6621 | Temple   | Entered the Ecumenical Temple
  6626 | Temple   | Became a worshipper of Ashenzari the Shackled
  6697 | D:6      | Learned a level 3 spell: Frozen Ramparts
  7253 | D:7      | Found a transporter.
  7265 | D:7      | Reached skill level 5 in Fighting
  7265 | D:7      | Reached skill level 5 in Dodging
  7275 | D:7      | Noticed Maggie
  7287 | D:7      | Noticed Aneyh's ghost (novice TeMo)
  7299 | D:7      | Killed Maggie
  7526 | D:7      | Noticed a cyclops
  7723 | D:7      | Found a transporter.
  8093 | D:8      | Found a white marble altar of Elyvilon.
  8098 | D:8      | Reached skill level 5 in Invocations
  8264 | D:8      | Found a snail-covered altar of Cheibriados.
  8388 | D:8      | Reached * piety under Ashenzari
  8615 | D:9      | Found a staircase to the Lair.
  8715 | D:9      | Reached skill level 7 in Spellcasting
  8882 | D:9      | Noticed a two-headed ogre
  9144 | D:9      | Noticed a five-headed hydra
  9153 | D:9      | Killed a five-headed hydra
  9154 | D:9      | Reached skill level 5 in Long Blades
  9154 | D:9      | Reached skill level 5 in Axes
  9154 | D:9      | Reached skill level 5 in Maces & Flails
  9154 | D:9      | Reached skill level 5 in Polearms
  9154 | D:9      | Reached skill level 5 in Staves
  9154 | D:9      | Reached skill level 5 in Ranged Weapons
  9154 | D:9      | Reached skill level 5 in Throwing
  9154 | D:9      | Reached skill level 5 in Armour
  9154 | D:9      | Reached skill level 5 in Shields
  9154 | D:9      | Reached skill level 5 in Unarmed Combat
  9154 | D:9      | Reached skill level 5 in Evocations
  9154 | D:9      | Reached XP level 10. HP: 72/76 MP: 17/21
  9323 | D:9      | Identified the +9 long sword of Ruth {flame, Fragile rF-
                  | rN+++ SInv}
  9341 | D:9      | HP: 1/76 [wyvern (12)]
 10165 | D:9      | HP: 2/77 [warg (7)]
 10565 | D:9      | Noticed a kobold demonologist
 10571 | D:9      | Killed a kobold demonologist
 10572 | D:9      | Reached skill level 5 in Conjurations
 10572 | D:9      | Reached skill level 5 in Hexes
 10572 | D:9      | Reached skill level 5 in Necromancy
 10572 | D:9      | Reached skill level 5 in Translocations
 10572 | D:9      | Reached skill level 5 in Transmutations
 10572 | D:9      | Reached skill level 5 in Fire Magic
 10572 | D:9      | Reached skill level 5 in Ice Magic
 10572 | D:9      | Reached skill level 5 in Air Magic
 10572 | D:9      | Reached skill level 5 in Earth Magic
 10572 | D:9      | Reached skill level 5 in Poison Magic
 10603 | D:9      | Reached XP level 11. HP: 66/83 MP: 22/22
 10763 | D:9      | Killed a two-headed ogre
 10764 | D:9      | Reached skill level 8 in Spellcasting
 11357 | D:9      | Reached ** piety under Ashenzari
 11761 | D:10     | Entered Level 10 of the Dungeon
 11882 | D:10     | Noticed a two-headed ogre
 11920 | D:10     | Killed a two-headed ogre
 12144 | D:10     | Noticed Erica
 12559 | D:10     | Identified a scroll of acquirement
 12561 | D:10     | Lost mutation: You are vulnerable to heat. (rF-) [potion of
                  | mutation]
 12561 | D:10     | Lost mutation: Your muscles are strong. (Str +4, Int/Dex
                  | -1) [potion of mutation]
 12561 | D:10     | Gained mutation: You possess an exceptional clarity of
                  | mind. [potion of mutation]
 12561 | D:10     | Gained mutation: You have hidden genetic defects. [potion
                  | of mutation]
 12562 | D:10     | Lost mutation: You possess an exceptional clarity of mind.
                  | [potion of mutation]
 12562 | D:10     | Lost mutation: You have hidden genetic defects. [potion of
                  | mutation]
 12562 | D:10     | Gained mutation: You occasionally shout uncontrollably at
                  | your foes. [potion of mutation]
 12562 | D:10     | Gained mutation: You have a pair of small antennae on your
                  | head. [potion of mutation]
 12562 | D:10     | Gained mutation: You sometimes lose your temper in combat.
                  | [potion of mutation]
 12563 | D:10     | Lost mutation: You occasionally shout uncontrollably at
                  | your foes. [potion of mutation]
 12563 | D:10     | Lost mutation: You have a pair of small antennae on your
                  | head. [potion of mutation]
 12563 | D:10     | Lost mutation: You sometimes lose your temper in combat.
                  | [potion of mutation]
 12563 | D:10     | Gained mutation: Your system is resistant to poisons.
                  | (rPois) [potion of mutation]
 12563 | D:10     | Gained mutation: Your body sometimes deteriorates upon
                  | taking damage. [potion of mutation]
 12563 | D:10     | Gained mutation: You passively dampen the noise of your
                  | surroundings. [potion of mutation]
 12573 | D:10     | Learned a level 5 spell: Fireball
 12593 | D:10     | Acquired the Papyrus of the Mountains
 12717 | D:10     | Killed Erica
 13127 | D:10     | Noticed Sonja
 13131 | D:10     | Killed Sonja
 13567 | D:10     | Noticed a two-headed ogre
 13573 | D:10     | Killed a two-headed ogre
 13575 | D:10     | Reached XP level 12. HP: 91/91 MP: 18/24
 13783 | D:10     | Noticed a six-headed hydra
 13796 | D:10     | Killed a six-headed hydra
 14100 | D:11     | Found a transporter.
 14101 | D:11     | Noticed GiantSquids's ghost (journeyman MfBe)
 14111 | D:11     | Found a transporter.
 14170 | D:11     | Found a frozen archway.
 14179 | D:11     | Reached skill level 9 in Spellcasting
 14209 | IceCv    | Entered an ice cave
 14215 | IceCv    | Slain by a harpy simulacrum

Illustrated notes

Levels and vault maps discovered:
D:1:      minmay_arrival_shattered_statue, layout_basic
D:2:      layout_loops_cross, hellmonk_ecumenical_altar_slurped_away
D:3:      cheibrodos_pilgrimage, layout_loops_ring,
          ebering_ghost_reflecting_pool
D:4:      layout_cave_pools, chequers_big_river, grunt_ministairs_6, uniq_robin
D:5:      layout_loops_ring, uniq_duvessa
D:6:      layout_basic, nicolae_vehumet_radiance,
          minmay_temple_entry_junction_2, lexackson_kobold_supper
D:7:      layout_rooms, nzn_ghost_randoct, wad_floor_pattern_untrapped,
          minmay_statues_item, uniq_maggie
D:8:      layout_basic, grunt_temple_overflow_open, kennysheep_generic_room_15
D:9:      cheibrodos_ideogram_h, layout_basic, erik_lair_orcish_takeover,
          grunt_ministairs_9
D:10:     minmay_bubble_buster, layout_gridville, uniq_erica, uniq_sonja
D:11:     layout_stronghold, david_orc_3, portal_ice_cave_demonic_guard,
          gammafunk_ghost_stat_death
Temple:   compressed_dpeg_triangle_lava_temple
IceCv:    ice_cave_statue_garden_transporter

Skill      XL: |  1  2  3  4  5  6  7  8  9 10 11 12 |
---------------+-------------------------------------+-----
Spellcasting   | 5 6 7 8 9 |  9.0
Invocations    | 1 2 3 4 5 6 7 8 |  8.0
Long Blades    | 1 2 3 4 5 6 7 |  7.3
Axes           | 1 2 3 4 5 6 7 |  7.3
Maces & Flails | 1 2 3 4 5 6 7 |  7.3
Polearms       | 1 2 3 4 5 6 7 |  7.3
Staves         | 1 2 3 4 5 6 7 |  7.3
Ranged Weapons | 1 2 3 4 5 6 7 |  7.3
Throwing       | 1 2 3 4 5 6 7 |  7.3
Armour         | 1 2 3 4 5 6 7 |  7.3
Shields        | 1 2 3 4 5 6 7 |  7.3
Unarmed Combat | 1 2 3 4 5 6 7 |  7.3
Evocations     | 1 2 3 4 5 6 7 |  7.3
Conjurations   | 1 2 3 4 5 6 |  6.1
Hexes          | 1 2 3 4 5 6 |  6.1
Necromancy     | 1 2 3 4 5 6 |  6.1
Translocations | 1 2 3 4 5 6 |  6.1
Transmutations | 1 2 3 4 5 6 |  6.1
Fire Magic     | 1 2 3 4 5 6 |  6.1
Ice Magic      | 1 2 3 4 5 6 |  6.1
Air Magic      | 1 2 3 4 5 6 |  6.1
Earth Magic    | 1 2 3 4 5 6 |  6.1
Poison Magic   | 1 2 3 4 5 6 |  6.1
Fighting       | 3 4 5 6 7 |  7.8
Dodging        | 3 4 5 6 7 |  7.8
Summonings     | 4 5 6 7 |  7.3
Short Blades   | 5 6 7 8 |  8.7
Stealth        | 5 6 7 8 |  8.5

Action                   |  1- 3 |  4- 6 |  7- 9 | 10-12 || total
-------------------------+-------+-------+-------+-------++-------
Melee: Short sword       |    88 |   174 |   250 |    57 ||   569
       Bite              |     6 |    18 |    27 |    33 ||    84
       Punch             |       |     2 |    10 |     5 ||    17
       Long sword        |       |       |       |   173 ||   173
Throw: Dart              |       |     4 |     6 |    39 ||    49
       Boomerang         |       |       |       |    10 ||    10
 Cast: Summon Small Mamm |    12 |    37 |   106 |    28 ||   183
       Summon Guardian G |       |     5 |    21 |    18 ||    44
       Frozen Ramparts   |       |       |     1 |     7 ||     8
       Fireball          |       |       |       |     9 ||     9
Invok: Curse Item        |       |       |     2 |     1 ||     3
Evoke: Wand              |       |       |     3 |     5 ||     8
  Use: Potion            |       |     2 |       |     7 ||     9
       Scroll            |       |       |    15 |     3 ||    18
 Stab: Sleeping          |     6 |     1 |     2 |     5 ||    14
       Distracted        |       |     1 |     2 |     2 ||     5
Armor: Robe              |    14 |     2 |       |       ||    16
       Leather armour    |       |    55 |    43 |       ||    98
       Skin              |       |     3 |       |       ||     3
       Acid dragon scale |       |       |    30 |   103 ||   133
Dodge: Dodged            |    30 |    91 |   197 |   215 ||   533
Block: Buckler           |       |       |       |    18 ||    18

Table legend: (Time is in decaauts)
 A = Elapsed time spent in this place.
 B = Non-inter-level travel time spent in this place.
 C = Inter-level travel time spent in this place.
 D = Time resting spent in this place.
 E = Time spent auto-exploring this place.
 F = Levels seen in this place.
 G = Mean time per level.
                   A        B        C        D        E       F      G
               +--------+--------+--------+--------+--------+-----+--------+
         Total |  14079 |  13491 |    588 |   3923 |   5886 |  13 | 1083.0 |
       Dungeon |  14060 |  13472 |    588 |   3923 |   5886 |  11 | 1278.2 |
        Temple |     12 |     12 |      0 |      0 |      0 |   1 |   12.0 |
      Ice Cave |      5 |      5 |      0 |      0 |      0 |   1 |    5.0 |
               +--------+--------+--------+--------+--------+-----+--------+

Top non-repeatable levels by time:
     D:9: 2857 daAuts
    D:10: 1970 daAuts
     D:5: 1526 daAuts
     D:6: 1340 daAuts
     D:4: 1313 daAuts
     D:3: 1291 daAuts
     D:8: 1155 daAuts
     D:1: 942 daAuts
     D:2: 736 daAuts
     D:7: 713 daAuts
    D:11: 214 daAuts
  Temple: 12 daAuts
   IceCv: 5 daAuts
